 Dungeon Crawl Stone Soup version 0.28-b1-70-g80dc712255 (webtiles) character file.

Game seed: 6875867538033996234

93 tizbic2 the Vexing (level 4, -1/34 HPs)
             Began as a Demigod Arcane Marksman on Feb 3, 2022.
             Slain by an iguana (9 damage)
             ... on level 3 of the Dungeon.
             The game lasted 00:09:07 (2343 turns).

tizbic2 the Vexing (Demigod Arcane Marksman)        Turns: 2343, Time: 00:09:08

Health: -1/34      AC:  5    Str: 11    XL:     4   Next: 15%
Magic:  9/9        EV: 10    Int: 19    God:
Gold:   101        SH:  0    Dex: 14    Spells: 5/6 levels left

rFire   . . .      SeeInvis .   j - +4 dagger
rCold   . . .      Faith    .   (no shield)
rNeg    . . .      Spirit   .   h - +0 ring mail
rPois   .          Reflect  .   (no helmet)
rElec   .          Harm     .   (no cloak)
rCorr   .          Rampage  .   (no gloves)
Will    .....                   (no boots)
Stlth   +.........              (no amulet)
HPRegen 0.11/turn               (no ring)
MPRegen 0.11/turn               (no ring)

@: no status effects
A: high MP 1, forlorn, divine attributes
a: no special abilities


You were on level 3 of the Dungeon.
You visited 1 branch of the dungeon, and saw 4 of its levels.

You collected 101 gold pieces.

Inventory:

Hand Weapons
 d - a +0 hand axe
 e - a +1 dagger of venom
 j - a +4 dagger (weapon)
Missiles
 c - a throwing net
 f - 39 stones (quivered)
 p - 4 javelins
Armour
 h - a +0 ring mail (worn)
Scrolls
 a - 3 scrolls of enchant weapon {unknown}
 g - a scroll of amnesia
 l - a scroll of fear {unknown}
 m - a scroll of noise {unknown}
 n - 3 scrolls of identify
 o - a scroll of summoning {unknown}
Potions
 b - a potion of flight {unknown}
 i - a potion of haste {unknown}
 k - a potion of berserk rage {unknown}


   Skills:
 - Level 0.8 Fighting
 * Level 3.0 Throwing
 - Level 1.7 Dodging
 + Level 1.7 Spellcasting
 * Level 3.6 Hexes


You had 5 spell levels left.
You knew the following spells:

 Your Spells              Type           Power      Damage    Failure   Level
a - Slow                  Hex            60%        N/A       10%         1

Your spell library contained the following spells:

 Spells                   Type           Power      Damage    Failure   Level
 Inner Flame              Hex/Fire       8%         N/A       52%         3
 Portal Projectile        Hex/Tloc       16%        N/A       52%         3
 Cause Fear               Hex            7%         N/A       67%         4
 Gell's Gravitas          Tloc           1%         N/A       77%         3
 Lesser Beckoning         Tloc           1%         N/A       77%         3
 Teleport Other           Tloc           1%         N/A       77%         3


Dungeon Overview and Level Annotations

Branches:
Dungeon (4/15)
 Temple: D:4-7


Innate Abilities, Weirdness & Mutations

You have an increased reservoir of magic. (+10% MP)
You shall have no god before yourself.
Your divine heritage dramatically boosts your attributes as you level up.


Message History

Found a stone staircase leading up.
There is a stone staircase leading up here.
You climb upwards.
Found a scroll labelled OLUADWUCSY and 16 stones.
There is a stone staircase leading down here.
a - 2 scrolls labelled OLUADWUCSY (gained 1)
f - 40 stones (gained 16)
Found a scroll labelled OLUADWUCSY.
Found a scroll of identify.
n - 3 scrolls of identify (gained 1)
a - 3 scrolls labelled OLUADWUCSY (gained 1)
An iguana comes into view.
The iguana hisses angrily.
Found 12 gold pieces.
The iguana barely misses you.
You hit the iguana.
The iguana is moderately wounded.
The iguana bites you!
You hit the iguana.
The iguana is moderately wounded.
The iguana closely misses you.
You hit the iguana.
The iguana is heavily wounded.
The iguana bites you!
Throw: 40 stones
Press: ? - help, Q - select action, (/) - cycle Shift-Dir - straight line, f - iguana
Aim: an iguana (heavily wounded, 63% to hit)
You throw a stone. The stone barely misses the iguana.
Unknown command.
You closely miss the iguana.
The iguana is heavily wounded.
The iguana bites you!
You hit the iguana.
The iguana is heavily wounded.
The iguana bites you.
* * * LOW HITPOINT WARNING * * *
A hobgoblin comes into view.
The hobgoblin shouts!
The iguana bites you!
You die...

######## ###########.#
.......# #..........$#
.##....#
#.#.....#######
.##....# #.#......#
.##....# #.#.l....#
.##....# #.#.@....#
####.########...##...#
..##.......##...##...#
..########.##...##...#
...# #......g# ...#
.#.# #..##...# ...# .#
. #..##...# ...# .#
#..##...# ...
...##...#


You could see an iguana and a hobgoblin.

Vanquished Creatures
  2 orc wizards (D:4)
  An adder skeleton (D:4)
  A dart slug (D:1)
  An orc (D:4)
  5 ball pythons
  5 endoplasms
  4 goblins
  4 hobgoblins
  4 kobolds (D:1)
  2 quokkas
  2 bats (D:1)
  2 frilled lizards
  3 rats (D:1)
36 creatures vanquished.

Notes
Turn   | Place    | Note
-------+----------+-------------------------------------------
     0 | D:1      | tizbic2 the Demigod Arcane Marksman began the quest for the
                  | Orb.
     0 | D:1      | Reached XP level 1. HP: 15/15 MP: 4/4
   392 | D:1      | Reached XP level 2. HP: 22/22 MP: 6/6
  1522 | D:2      | Reached XP level 3. HP: 20/27 MP: 7/7
  1544 | D:2      | You fall into a shaft and drop 2 floors!
  1951 | D:4      | Reached XP level 4. HP: 5/34 MP: 7/9
  2343 | D:3      | Slain by an iguana

Illustrated notes

Levels and vault maps discovered:
D:1:      heliophobic_arrival_glass_houses, layout_loops_cross,
          dk_noncrumbling_4
D:2:      layout_loops_cross, minmay_pentomino_w2, uniq_terence, uniq_natasha
D:3:      layout_basic, uniq_ijyb, uniq_robin
D:4:      layout_loops_ring, minmay_small_thing

Skill      XL: |  1  2  3 |
---------------+----------+-----
Throwing       | 2 3 |  3.0
Hexes          | 3 |  3.6
Fighting       | |  0.8
Dodging        | |  1.7
Spellcasting   | |  1.7

Action                   |  1- 3 |  4- 6 || total
-------------------------+-------+-------++-------
Melee: Unarmed           |    15 |       ||    15
       Hand axe          |    37 |       ||    37
       Dagger            |    74 |     8 ||    82
Throw: Javelin           |    15 |       ||    15
       Throwing net      |     1 |     1 ||     2
       Stone             |       |     1 ||     1
 Cast: Slow              |     9 |       ||     9
  Use: Scroll            |     1 |       ||     1
       Potion            |     1 |       ||     1
 Stab: Held in net/web   |       |     1 ||     1
Armor: Robe              |     5 |       ||     5
       Ring mail         |    47 |       ||    47
       Skin              |     6 |       ||     6
Dodge: Dodged            |    61 |     2 ||    63
